 Dungeon Crawl Stone Soup version 0.28-a0-1447-ga5a8893891 (webtiles) character file.

Game seed: 7046725360789968655

6401 chakani the Grappler (level 10, -1/98 HPs)
             Began as a Troll Monk on Jan 11, 2022.
             Was a High Priest of Qazlal.
             Slain by a gnoll (12 damage)
             ... in a bailey.
             The game lasted 00:10:21 (8056 turns).

chakani the Grappler (Troll Monk)                   Turns: 8056, Time: 00:10:21

Health: -1/98      AC:  7    Str: 25    XL:     10   Next: 66%
Magic:  9/9        EV: 11    Int:  6    God:    Qazlal [*****.]
Gold:   520        SH:  6    Dex: 12    Spells: 9/9 levels left

rFire   . . .      SeeInvis .     - Unarmed
rCold   + . .      Faith    .   (no shield)
rNeg    . . .      Spirit   .   a - +0 robe
rPois   .          Reflect  .   (helmet restricted)
rElec   .          Harm     .   (no cloak)
rCorr   .          Rampage  .   (gloves unavailable)
Will    .....                   (boots unavailable)
Stlth   +.........              (no amulet)
HPRegen 1.06/turn               c - +4 ring of slaying
MPRegen 0.11/turn               o - ring of protection from cold

@: protected from physical damage, repel missiles
A: large, unfitting armour, claws 3, regeneration 1, shaggy fur 1, tough skin 1
a: Renounce Religion, Upheaval, Elemental Force, Disaster Area


You were in a bailey.
You worshipped Qazlal.
Qazlal was extremely pleased with you.
You visited 2 branches of the dungeon, and saw 10 of its levels.
You also visited: Ossuary and Bailey.

You collected 520 gold pieces.

Inventory:

Missiles
 u - 7 throwing nets (quivered)
Armour
 a - a +0 robe (worn)
Jewellery
 c - a +4 ring of slaying (left claw)
 o - a ring of protection from cold (right claw)
 z - an amulet of reflection
 F - a ring of poison resistance
Wands
 e - a wand of mindburst (15)
 l - a wand of iceblast (16)
 y - a wand of flame (48)
 H - a wand of paralysis (8)
 I - a wand of charming (8)
Scrolls
 f - a scroll of amnesia {unknown}
 g - 6 scrolls of teleportation {unknown}
 h - 3 scrolls of enchant armour {unknown}
 j - 4 scrolls of magic mapping {unknown}
 m - a scroll of fog {unknown}
 p - a scroll of immolation {unknown}
 s - a scroll of noise {unknown}
 w - a scroll of silence {unknown}
 x - a scroll of summoning {unknown}
 A - 5 scrolls of identify {unknown}
 D - a scroll of blinking {unknown}
 G - 3 scrolls of vulnerability {unknown}
Potions
 b - 3 potions of might {unknown}
 d - 3 potions of flight {unknown}
 i - 2 potions of attraction {unknown}
 k - 2 potions of mutation {unknown}
 n - 3 potions of curing {unknown}
 q - 2 potions of cancellation {unknown}
 r - 2 potions of degeneration {unknown}
 t - 3 potions of heal wounds {unknown}
 v - 4 potions of ambrosia {unknown}
 B - 3 potions of resistance {unknown}
 C - a potion of lignification {unknown}
 E - a potion of brilliance {unknown}


   Skills:
 + Level 5.6 Fighting
 + Level 5.6 Dodging
 - Level 1.0 Stealth
 - Level 14.0 Unarmed Combat


You had 9 spell levels left.
You didn't know any spells.
Your spell library contained the following spells:

 Spells                   Type           Power      Damage    Failure   Level
 Slow                     Hex            0%         N/A       45%         1
 Static Discharge         Conj/Air       0%         N/A       58%         2
 Confusing Touch          Hex            0%         N/A       83%         3
 Gell's Gravitas          Tloc           0%         N/A       83%         3
 Lesser Beckoning         Tloc           0%         N/A       83%         3
 Teleport Other           Tloc           0%         N/A       83%         3
 Vampiric Draining        Necr           0%         2d6       83%         3
 Dispel Undead            Necr           0%         3d6       99%         4
 Olgreb's Toxic Radiance  Pois           0%         N/A       99%         4
 Sticky Flame             Conj/Fire      0%         2d3       99%         4
 Dispersal                Tloc           0%         N/A       100%        6
 Ozocubu's Refrigeration  Ice            0%         4d5       100%        7
 Ignition                 Fire           0%         3d3       100%        8


Dungeon Overview and Level Annotations

Branches:
Dungeon (9/15)             Temple (1/1) D:6            Lair (0/6) D:8
    Orc (0/2) D:9         Ossuary (visited)          Bailey (1/1)

Altars:
Ashenzari
Cheibriados
Dithmenos
Elyvilon
Fedhas
Gozag
Hepliaklqana
Kikubaaqudgha
Makhleb
Nemelex Xobeh
Okawaru
Qazlal
Ru
Sif Muna
Trog
Uskayaw
Vehumet
Wu Jian
Xom
Yredelemnul
Zin
The Shining One

Shops:
D:2 [   D:8 (

Annotations:
D:9 3 runed translucent doors, AverageBear's ghost, novice DDFi


Innate Abilities, Weirdness & Mutations

You are too large for most types of armour.
You have claws for hands.
Your natural rate of healing is unusually fast.
You are covered in fur. (AC +1)
You have tough skin. (AC +1)


Message History

The gnoll closely misses you. You block the gnoll's attack.
The gnoll shaman barely misses you. The gnoll sergeant misses you.
The gnoll hits you from afar with the +6 trident "Baluntagg" {elec, rC+ Str-3 Int+6}!
You feel more protected from physical attacks.
There is an open door, spattered with blood here.
Items here: $ ) [ †.
The gnoll misses you.
The gnoll shaman is engulfed in blazing flames.
The gnoll shaman hits you from afar with a +0 spear.
The gnoll shaman is engulfed in blazing flames.
You kill the gnoll shaman!
Qazlal accepts your kill.
The gnoll hits you from afar with the +6 trident "Baluntagg" {elec, rC+ Str-3 Int+6}!
You hear a shout!
The gnoll misses you.
Things that are here:
a +0 spear; a +0 ring mail The gnoll closely misses you.
Things that are here:
a +0 spear; a +0 ring mail; a gnoll skeleton The gnoll hits you from afar with the +6 trident "Baluntagg" {elec, rC+ Str-3 Int+6}.
You are electrocuted!
* * * LOW HITPOINT WARNING * * *
There is an open door here.
There is an open gate here.
The gnoll closely misses you.
The gnoll hits you from afar with the +6 trident "Baluntagg" {elec, rC+ Str-3 Int+6}!
* * * LOW HITPOINT WARNING * * *
You feel more protected from physical attacks.
Things that are here:
a +0 spear; a +0 chain mail You see here a hound skeleton.
The gnoll hits you from afar with the +6 trident "Baluntagg" {elec, rC+ Str-3 Int+6}.
* * * LOW HITPOINT WARNING * * *
Things that are here:
a +0 trident; a +4 scale mail; a gnoll corpse The gnoll hits you with the +6 trident "Baluntagg" {elec, rC+ Str-3 Int+6}!
* * * LOW HITPOINT WARNING * * *
You are electrocuted!
You die...

♣♣≈≈.. ♣.≈..# ♣♣.≈..#
♣♣..≈..# ♣...≈..# #####
♣...≈..# ##..(##
♣♣○..°..######..)..#
#♣♣♣)..☼)..'...#.).....
#∩.))§@g...gg.g').)8...
#♣♣♣§§)....'...#.).)...
♣♣.)§≈..######...).#
♣♣..≈..# ##(..##
♣†.≈..# #####h ♣..≈..#


g.h ♣♣.≈..# ....g ♣.≈..# ..... ♣♣≈≈...# ##### You could see a gnoll sergeant and
2 gnolls.

Vanquished Creatures
  A two-headed ogre (D:8)
  Sigmund (D:6)
  A steam dragon (D:5)
  Menkaure (D:5)
  An acid dragon (D:9)
  2 water moccasins
  4 orc warriors
  An ice beast (D:8)
  A hornet zombie (D:5)
  5 sky beasts
  A necrophage (D:4)
  4 ogres
  6 wolves (Bailey)
  2 phantoms (D:6)
  Blork the orc (D:5)
  2 kobold brigands
  2 bullfrogs
  7 gnoll sergeants (Bailey)
  A wyvern zombie (D:7)
  A water moccasin skeleton (D:5)
  11 wights
  A howler monkey (D:9)
  A bullfrog zombie (D:6)
  A centaur zombie (D:6)
  3 jellies
  6 hounds
  10 orc priests
  A bullfrog skeleton (D:6)
  6 gnoll shamans
  6 orc wizards
  2 iguanas
  A killer bee zombie (D:7)
  A hound zombie (D:5)
  5 mummies
  15 gnolls
  3 howler monkey skeletons
  4 adders
  A shadow imp (D:6)
  A white imp (D:6)
  An ufetubus (D:4)
  4 worms
  3 dart slugs
  65 orcs
  6 ball pythons
  3 bats
  4 endoplasms
  10 goblins
  7 hobgoblins
  3 jackals (D:2)
  19 kobolds
  2 quokkas
  3 frilled lizards
  3 gnoll skeletons (Ossuary)
  4 gnoll zombies (Ossuary)
  A goblin skeleton (Ossuary)
  4 goblin zombies
  2 hobgoblin skeletons (Ossuary)
  8 hobgoblin zombies
  9 kobold skeletons (Ossuary)
  3 kobold zombies (Ossuary)
  6 orc skeletons (Ossuary)
  4 orc zombies (Ossuary)
  5 rats
  4 rat skeletons (Ossuary)
  4 rat zombies (Ossuary)
311 creatures vanquished.

Vanquished Creatures (collateral kills)
  A gnoll (Bailey)
1 creature vanquished.

Vanquished Creatures (others)
  A gnoll sergeant (Bailey)
  2 fungi (D:9)
  2 plants (D:9)
5 creatures vanquished.

Grand Total: 317 creatures vanquished

Notes
Turn   | Place    | Note
-------+----------+-------------------------------------------
     0 | D:1      | chakani the Troll Monk began the quest for the Orb.
     0 | D:1      | Reached XP level 1. HP: 22/22 MP: 0/0
   228 | D:1      | Found a faded altar of an unknown god.
   882 | D:2      | Reached XP level 2. HP: 27/29 MP: 1/1
   925 | D:2      | Reached skill level 4 in Unarmed Combat
   944 | D:2      | Found Xere's Antique Armour Shoppe.
  1179 | D:2      | Reached XP level 3. HP: 36/36 MP: 2/2
  1941 | D:3      | Reached skill level 5 in Unarmed Combat
  1941 | D:3      | Reached XP level 4. HP: 38/44 MP: 3/3
  2566 | D:4      | Reached XP level 5. HP: 50/50 MP: 4/4
  2585 | D:4      | Reached skill level 6 in Unarmed Combat
  3041 | D:4      | Noticed a necrophage
  3055 | D:4      | Killed a necrophage
  3056 | D:4      | Reached skill level 7 in Unarmed Combat
  3056 | D:4      | Reached XP level 6. HP: 22/59 MP: 5/5
  3199 | D:5      | Entered Level 5 of the Dungeon
  3233 | D:5      | Reached skill level 8 in Unarmed Combat
  3233 | D:5      | Reached XP level 7. HP: 36/66 MP: 6/6
  3310 | D:5      | Reached skill level 9 in Unarmed Combat
  3373 | D:5      | Noticed Blork the orc
  3380 | D:5      | Killed Blork the orc
  3404 | D:5      | Reached XP level 8. HP: 68/74 MP: 7/7
  3439 | D:5      | You fall into a shaft and drop 2 floors!
  3462 | D:7      | Reached skill level 10 in Unarmed Combat
  3750 | D:7      | Reached skill level 11 in Unarmed Combat
  4017 | D:6      | Found a radiant altar of Vehumet.
  4018 | D:6      | Noticed Sigmund
  4099 | D:6      | Reached skill level 12 in Unarmed Combat
  4309 | D:6      | Reached XP level 9. HP: 69/80 MP: 8/8
  4321 | D:6      | Killed Sigmund
  4627 | D:5      | Reached skill level 13 in Unarmed Combat
  4633 | D:5      | HP: 4/80 [something (11)]
  4754 | D:5      | Noticed Menkaure
  4757 | D:5      | Killed Menkaure
  4987 | D:6      | Found a staircase to the Ecumenical Temple.
  4999 | Temple   | Entered the Ecumenical Temple
  5078 | Temple   | Became a worshipper of Qazlal Stormbringer
  5078 | Temple   | Reached * piety under Qazlal
  5078 | Temple   | Reached ** piety under Qazlal
  5868 | D:8      | Found a staircase to the Lair.
  5885 | D:8      | Found a sand-covered staircase.
  5890 | Ossuary  | Entered an ossuary
  5917 | Ossuary  | Reached skill level 14 in Unarmed Combat
  6049 | Ossuary  | Reached *** piety under Qazlal
  6451 | D:8      | Found Xizecue's Weapon Emporium.
  6469 | D:8      | Noticed a two-headed ogre
  6478 | D:8      | Killed a two-headed ogre
  6479 | D:8      | Reached XP level 10. HP: 39/92 MP: 9/9
  7318 | D:9      | Reached **** piety under Qazlal
  7517 | D:9      | Found a staircase to the Orcish Mines.
  7665 | D:9      | Found a runed translucent gate.
  7665 | D:9      | Found a runed translucent gate.
  7665 | D:9      | Found a runed translucent gate.
  7666 | D:9      | Noticed a nine-headed hydra
  7666 | D:9      | Noticed an 11-headed hydra
  7667 | D:9      | Noticed AverageBear's ghost (novice DDFi)
  7762 | D:9      | Found a flagged portal.
  7774 | Bailey   | Entered a bailey
  7856 | Bailey   | Reached ***** piety under Qazlal
  7864 | Bailey   | Reached skill level 5 in Fighting
  7864 | Bailey   | Reached skill level 5 in Dodging
  7906 | Bailey   | HP: 3/96 [gnoll sergeant (11)]
  8031 | Bailey   | Identified the +6 trident "Baluntagg" {elec, rC+ Str-3
                  | Int+6}
  8056 | Bailey   | Slain by a gnoll

Illustrated notes

Levels and vault maps discovered:
D:1:      heliophobic_arrival_henge, layout_basic,
          shapermc_ecumenical_altar_mp_urbaneastern
D:2:      layout_basic, serial_shops, nicolae_shop_trees, grunt_ministairs_6
D:3:      minmay_inner_zag, layout_rooms, minmay_quantized
D:4:      layout_loops_ring, kennysheep_generic_room_4
D:5:      layout_basic, uniq_blork_the_orc, uniq_menkaure
D:6:      layout_basic, vehumet_altar_wand_db, minmay_temple_entry_stoned_glass,
          uniq_sigmund
D:7:      layout_loops_corners
D:8:      layout_gridville, lair_entry_dummy, serial_shops,
          nicolae_diamond_shop, nicolae_ossuary_entry_giza
D:9:      layout_loops_corners, hiddenorc2_lemuel, gammafunk_ghost_hydra_chop,
          enter_bailey_3, fungi_pond_lemuel
Temple:   regret_index_temple_sigil_plot
Bailey:   bailey_polearm_gnolls_kennysheep, bailey

Skill      XL: |  1  2  3  4  5  6  7  8  9 10 |
---------------+-------------------------------+-----
Unarmed Combat | 4 5 7 8 9 12 14 | 14.0
Fighting       | 3 5 |  5.6
Dodging        | 3 5 |  5.6
Stealth        | |  1.0

Action                   |  1- 3 |  4- 6 |  7- 9 | 10-12 || total
-------------------------+-------+-------+-------+-------++-------
Melee: Unarmed           |    95 |   111 |   320 |   148 ||   674
       Punch             |     1 |     3 |    20 |    12 ||    36
Evoke: Wand              |       |       |       |    11 ||    11
 Stab: Sleeping          |     5 |     4 |     2 |       ||    11
       Distracted        |       |       |     1 |       ||     1
Armor: Robe              |    20 |    25 |    55 |    22 ||   122
Dodge: Dodged            |    53 |    38 |   111 |    82 ||   284
       Repelled          |       |       |       |     1 ||     1
Block: Other             |       |       |     6 |    36 ||    42

Table legend: (Time is in decaauts)
 A = Elapsed time spent in this place.
 B = Non-inter-level travel time spent in this place.
 C = Inter-level travel time spent in this place.
 D = Time resting spent in this place.
 E = Time spent auto-exploring this place.
 F = Levels seen in this place.
 G = Mean time per level.
                   A        B        C        D        E       F      G
               +--------+--------+--------+--------+--------+-----+--------+
         Total |   7933 |   7299 |    634 |    633 |   5104 |  12 |  661.1 |
       Dungeon |   7230 |   6642 |    588 |    573 |   4838 |   9 |  803.3 |
        Temple |    120 |     74 |     46 |      0 |     55 |   1 |  120.0 |
       Ossuary |    312 |    312 |      0 |      0 |    146 |   1 |  312.0 |
        Bailey |    270 |    270 |      0 |     60 |     65 |   1 |  270.0 |
               +--------+--------+--------+--------+--------+-----+--------+

Top non-repeatable levels by time:
     D:7: 1318 daAuts
     D:8: 1023 daAuts
     D:1: 871 daAuts
     D:2: 865 daAuts
     D:4: 745 daAuts
     D:3: 701 daAuts
     D:5: 690 daAuts
     D:6: 542 daAuts
     D:9: 471 daAuts
 Ossuary: 312 daAuts
  Bailey: 270 daAuts
  Temple: 120 daAuts
